 Dungeon Crawl Stone Soup version 0.29-a0-1009-g60c99734e7 (webtiles) character file.

Game seed: 18178861843794010108

1981 leavemydog the Destroyer (level 9, -3/45 HPs)
             Began as a Deep Elf Conjurer on Aug 8, 2022.
             Was an Initiate of Vehumet.
             Killed from afar by an electric eel (12 damage)
             ... with a bolt of electricity
             ... on level 6 of the Dungeon.
             The game lasted 00:15:03 (6116 turns).

leavemydog the Destroyer (Deep Elf Conjurer)        Turns: 6116, Time: 00:15:05

Health: -3/45      AC:  3    Str:  8    XL:     9   Next: 1%
Magic:  23/24      EV: 16    Int: 24    God:    Vehumet [......]
Gold:   497        SH:  0    Dex: 13    Spells: 12/26 levels left

rFire   . . .      SeeInvis .   f - +0 short sword
rCold   . . .      Faith    .   (no shield)
rNeg    . . .      Spirit   .   w - +0 robe {Will+}
rPois   .          Reflect  .   (no helmet)
rElec   .          Harm     .   i - +0 cloak
rCorr   .          Rampage  .   (no gloves)
Will    +....                   (no boots)
Stlth   ++........              l - amulet of magic regeneration
HPRegen 0.15/turn               t - ring of wizardry
MPRegen 0.59/turn               s - +4 ring of evasion

@: no status effects
A: mutation resistance 1
a: Renounce Religion


You were on level 6 of the Dungeon.
You worshipped Vehumet.
Vehumet was noncommittal.
You visited 2 branches of the dungeon, and saw 7 of its levels.

You collected 497 gold pieces.

Inventory:

Hand Weapons
 f - a +0 short sword (weapon)
Missiles
 d - 9 javelins
 m - 10 atropa-tipped darts
 n - 12 poisoned darts
Armour
 i - a +0 cloak (worn)
 w - a +0 robe of willpower (worn)
Magical Staves
 z - a staff of cold
Jewellery
 h - an amulet of regeneration
 l - an amulet of magic regeneration (around neck)
 r - a ring of poison resistance
 s - a +4 ring of evasion (right hand)
 t - a ring of wizardry (left hand)
Wands
 v - a wand of iceblast (7)
 A - a wand of polymorph (5)
 B - a wand of paralysis (6)
Scrolls
 e - a scroll of vulnerability
 g - a scroll of magic mapping {unknown}
 j - a scroll of immolation
 k - a scroll of enchant weapon {unknown}
 q - a scroll of torment {unknown}
 u - a scroll of fear {unknown}
 y - a scroll of noise {unknown}
Potions
 a - a potion of haste
 b - 3 potions of magic
 c - 2 potions of flight
 p - a potion of resistance
 x - a potion of experience
 C - a potion of heal wounds {unknown}


   Skills:
 - Level 2.4 Dodging
 - Level 2.4 Stealth
 + Level 9.2 Spellcasting
 + Level 9.5 Conjurations
 * Level 4.8 Hexes
 * Level 4.5 Translocations


You had 12 spell levels left.
You knew the following spells:

 Your Spells              Type           Power      Damage    Failure   Level
a - Magic Dart            Conj           100%       1d8       1%          1
b - Searing Ray           Conj           100%       2d8       1%          2
c - Iskenderun's Mystic   Conj/Tloc      45%        2d10      1%          4
d - Fulminant Prism       Conj/Hex       22%        3d13      1%          4
e - Dazzling Flash        Conj/Hex       90%        N/A       1%          3

Your spell library contained the following spells:

 Spells                   Type           Power      Damage    Failure   Level
 Chain Lightning          Conj/Air       17%        3d22      100%        9
 Fire Storm               Conj/Fire      17%        8d4       100%        9
 Shatter                  Erth           5%         3d8*      100%        9


Dungeon Overview and Level Annotations

Branches:
Dungeon (6/15)             Temple (1/1) D:5

Altars:
Ashenzari
Cheibriados
Dithmenos
Elyvilon
Fedhas
Gozag
Hepliaklqana
Makhleb
Nemelex Xobeh
Okawaru
Qazlal
Ru
Sif Muna
Uskayaw
Vehumet
Wu Jian
Xom
Yredelemnul
Zin
The Shining One

Shops:
D:3 (

Annotations:
D:3 2 transporters, p0werm0de's ghost, amateur MeCK
D:4 2 transporters, p0werm0de's ghost, amateur OpMo


Innate Abilities, Weirdness & Mutations

You are somewhat resistant to further mutation.


Message History

Increase (S)trength, (I)ntelligence, or (D)exterity?
You feel stronger. x2
You start resting.
You feel very sick.
You feel sick. x8
You are no longer poisoned.
You start resting.
Magic restored.
You start resting.
An electric eel comes into view.
Casting: Searing Ray (safe; 1% risk of failure)
Confirm with . or Enter, or press ? or * to list all spells.
Aiming: Magic Dart (safe; 1% risk of failure)
Press: ? - help, Shift-Dir - straight line, f - electric eel
Aim: an electric eel (wandering, hasn't noticed you, 100% to hit)
The magic dart hits the electric eel!
The electric eel is heavily wounded.
The electric eel shoots out a bolt of lightning at you!
The bolt of electricity hits you!
* * * LOW HITPOINT WARNING * * *
You feel better.
The electric eel shoots out a bolt of lightning at you!
The bolt of electricity hits you!
* * * LOW HITPOINT WARNING * * *
Okay, then.
Okay, then.
You feel better.
The electric eel shoots out a bolt of lightning at you!
The bolt of electricity hits you!
* * * LOW HITPOINT WARNING * * *
Casting: Magic Dart (safe; 1% risk of failure)
Confirm with . or Enter, or press ? or * to list all spells.
Aiming: Magic Dart (safe; 1% risk of failure)
Press: ? - help, Shift-Dir - straight line, f/p - electric eel
Aim: an electric eel (heavily wounded, 100% to hit)
The magic dart hits the electric eel.
The electric eel is heavily wounded.
The electric eel shoots out a bolt of lightning at you!
The bolt of electricity hits you!
You die...

......#.#####.##
..........####.#.~S.#
......#.##.###.#.~~.#
#........##.#.##.~≈.#
..#......###.###.~~.#
###.#....# #.# #.~~.#
.##.#....###.# #)~~.#
.##.....###.## #.~~.#
..##...#.#.## #@~~.#
#.#[.....##.## #.~~.#
......... ##.###.~~.#
.......#.##.#.##.~~.#
....#...##.###.#.~†.#
.#.......#.###.#.~~.#
.#.#....##.##.##†~~.#
...##..#.##.#.##.≈≈.#
....#....##.###..~≈.#


You could see an electric eel.

Vanquished Creatures
  Grinder (D:3)
  Eustachio (D:6)
  A water moccasin (D:6)
  3 ice beasts (D:6)
  A centaur (D:6)
  3 ogres
  Blork the orc (D:4)
  A gnoll sergeant (D:6)
  A bullfrog (D:5)
  3 scorpions
  An electric eel (D:6)
  2 howler monkeys (D:6)
  2 hounds
  An orc priest (D:5)
  2 iguanas
  4 orc wizards
  Robin (D:2)
  12 adders
  A shadow imp (D:5)
  2 ufetubi (D:5)
  3 dart slugs
  13 orcs
  4 endoplasms
  3 giant cockroaches
  8 goblins (D:2)
  6 hobgoblins
  3 jackals (D:1)
  3 quokkas
  4 ball pythons
  4 frilled lizards
  3 kobolds
  A rat (D:2)
99 creatures vanquished.

Vanquished Creatures (others)
  3 fulminant prisms (D:6)
3 creatures vanquished.

Grand Total: 102 creatures vanquished

Notes
Turn   | Place    | Note
-------+----------+-------------------------------------------
     0 | D:1      | leavemydog the Deep Elf Conjurer began the quest for the
                  | Orb.
     0 | D:1      | Reached XP level 1. HP: 10/10 MP: 6/6
   130 | D:1      | Reached XP level 2. HP: 15/15 MP: 5/8
   133 | D:1      | Learned a level 2 spell: Searing Ray
   290 | D:1      | Reached skill level 5 in Conjurations
  1144 | D:2      | Reached XP level 3. HP: 19/19 MP: 6/9
  1187 | D:2      | Found a faded altar of an unknown god.
  1335 | D:2      | Noticed Robin
  1340 | D:2      | Killed Robin
  1652 | D:2      | Reached XP level 4. HP: 24/24 MP: 7/11
  1775 | D:2      | Learned a level 4 spell: Iskenderun's Mystic Blast
  2226 | D:3      | Noticed Grinder
  2237 | D:3      | Killed Grinder
  2238 | D:3      | Reached skill level 1 in Translocations
  2238 | D:3      | Reached XP level 5. HP: 16/28 MP: 3/14
  2238 | D:3      | Reached XP level 6. HP: 18/32 MP: 3/15
  2388 | D:3      | Found a transporter.
  2427 | D:3      | Found a transporter.
  2448 | D:3      | Found Wavvuv's Weapon Boutique.
  2487 | D:3      | Found a hazy altar of Hepliaklqana.
  2663 | D:3      | Noticed p0werm0de's ghost (amateur MeCK)
  2763 | D:4      | Reached skill level 5 in Spellcasting
  2825 | D:4      | Found a transporter.
  2825 | D:4      | Noticed p0werm0de's ghost (amateur OpMo)
  2916 | D:4      | Found a transporter.
  2931 | D:4      | Found a white marble altar of Elyvilon.
  2986 | D:4      | Noticed Blork the orc
  2995 | D:4      | Killed Blork the orc
  3432 | D:5      | Entered Level 5 of the Dungeon
  3456 | D:5      | Learned a level 4 spell: Fulminant Prism
  3611 | D:5      | Reached XP level 7. HP: 36/36 MP: 14/17
  3625 | D:5      | Found an iron altar of Okawaru.
  3640 | D:5      | Gained mutation: You are somewhat resistant to further
                  | mutation. [potion of mutation]
  3699 | D:5      | Found a hide-covered altar of Uskayaw.
  3989 | D:5      | Reached skill level 1 in Hexes
  4412 | D:5      | Found a staircase to the Ecumenical Temple.
  4416 | Temple   | Entered the Ecumenical Temple
  4481 | Temple   | Became a worshipper of Vehumet
  4673 | D:6      | Found a snail-covered altar of Cheibriados.
  4678 | D:6      | Noticed Eustachio
  4743 | D:6      | Reached XP level 8. HP: 14/41 MP: 16/20
  5252 | D:6      | Killed Eustachio
  5390 | D:6      | Learned a level 3 spell: Dazzling Flash
  5819 | D:6      | Found a shimmering blue altar of Sif Muna.
  6085 | D:6      | Reached XP level 9. HP: 31/45 MP: 12/24
  6116 | D:6      | Killed from afar by an electric eel

Illustrated notes

Levels and vault maps discovered:
D:1:      sevenhm_arrival_forest_fort_small_3, layout_basic,
          corexii_hall_statues_x, nrook_loot_triangle,
          amcnicky_mini_corridor_feature
D:2:      layout_basic, basic_ecumenical_altar, hex_medium, minmay_tall_x,
          uniq_robin
D:3:      layout_loops_ring, mainiacjoe_overflow_brackets,
          gammafunk_ghost_stat_death, serial_shops, nicolae_shop_behind_doors,
          uniq_grinder
D:4:      layout_basic, elyvilon_altar_1, gammafunk_ghost_arena,
          uniq_blork_the_orc
D:5:      layout_cave_pools, amcnicky_altar_gilded, nicolae_uskayaw_suspiria,
          temple_hall_moat, minmay_crossroads
D:6:      wad_river_or_something, layout_cave_pools, led_sif_book,
          overflow_temple_1_default, uniq_eustachio
Temple:   eino_temple_water

Skill      XL: |  1  2  3  4  5  6  7  8 |
---------------+-------------------------+-----
Conjurations   | 5 7 8 9 |  9.5
Spellcasting   | 4 5 7 9 |  9.2
Translocations | 1 2 3 4 |  4.5
Hexes          | 2 4 |  4.8
Dodging        | |  2.4
Stealth        | |  2.4

Action                   |  1- 3 |  4- 6 |  7- 9 || total
-------------------------+-------+-------+-------++-------
Melee: Short sword       |     7 |       |       ||     7
 Cast: Magic Dart        |    49 |    67 |    95 ||   211
       Searing Ray       |     2 |     6 |    27 ||    35
       Fulminant Prism   |       |       |     3 ||     3
       Iskenderun's Myst |       |       |     2 ||     2
  Use: Scroll            |       |     5 |     3 ||     8
       Potion            |       |       |     3 ||     3
Armor: Robe              |     4 |     2 |     3 ||     9
Dodge: Dodged            |     9 |    10 |    31 ||    50

Table legend: (Time is in decaauts)
 A = Elapsed time spent in this place.
 B = Non-inter-level travel time spent in this place.
 C = Inter-level travel time spent in this place.
 D = Time resting spent in this place.
 E = Time spent auto-exploring this place.
 F = Levels seen in this place.
 G = Mean time per level.
                   A        B        C        D        E       F      G
               +--------+--------+--------+--------+--------+-----+--------+
         Total |   6115 |   5852 |    263 |   1490 |   3665 |   7 |  873.6 |
       Dungeon |   5887 |   5661 |    226 |   1490 |   3487 |   6 |  981.2 |
        Temple |    227 |    190 |     37 |      0 |    178 |   1 |  227.0 |
               +--------+--------+--------+--------+--------+-----+--------+

Top non-repeatable levels by time:
     D:6: 1209 daAuts
     D:2: 1202 daAuts
     D:4: 1012 daAuts
     D:5: 964 daAuts
     D:3: 759 daAuts
     D:1: 738 daAuts
  Temple: 227 daAuts
